 Dungeon Crawl Stone Soup version 0.29-a0-322-g68df515428 (webtiles) character file.

Game seed: 10331098761184131972

36 Leszczynek the Chopper (level 3, -1/28 HPs)
             Began as a Human Gladiator on Apr 8, 2022.
             Slain by a quokka (4 damage)
             ... on level 3 of the Dungeon.
             The game lasted 00:03:43 (490 turns).

Leszczynek the Chopper (Human Gladiator)             Turns: 490, Time: 00:03:44

Health: -1/28      AC:  6    Str: 16    XL:     3   Next: 57%
Magic:  3/3        EV: 12    Int:  8    God:
Gold:   14         SH:  0    Dex: 14    Spells: 2/2 levels left

rFire   . . .      SeeInvis .   a - +0 war axe
rCold   . . .      Faith    .   (no shield)
rNeg    . . .      Spirit   .   b - +0 leather armour
rPois   .          Reflect  .   c - +0 helmet
rElec   .          Harm     .   (no cloak)
rCorr   .          Rampage  .   h - +1 pair of gloves
Will    .....                   (no boots)
Stlth   +.........              (no amulet)
HPRegen 0.09/turn               (no ring)
MPRegen 0.08/turn               (no ring)

@: weak-willed
A: no striking features
a: no special abilities


You were on level 3 of the Dungeon.
You visited 1 branch of the dungeon, and saw 3 of its levels.

You collected 14 gold pieces.

Inventory:

Hand Weapons
 a - a +0 war axe (weapon)
Missiles
 d - 3 throwing nets (quivered)
Armour
 b - a +0 leather armour (worn)
 c - a +0 helmet (worn)
 h - a +1 pair of gloves (worn)


   Skills:
 * Level 2.7 Fighting
 * Level 3.4 Axes
 + Level 2.2 Throwing
 + Level 3.2 Dodging


You had 2 spell levels left.
You didn't know any spells.
Your spell library was empty.

Dungeon Overview and Level Annotations

Branches:
Dungeon (3/15)

Altars:

Shops:
D:1 :

Annotations:
D:3 Grinder


Message History

It is a scroll of enchant armour.
Your +0 pair of gloves glows green for a moment.
The goblin hits you with a +0 club.
As you read the scroll labelled FOEXAMU EFEZESH, it crumbles to dust.
The jackal barks!
Magic quickly surges around you.
It was a scroll of vulnerability.
The goblin hits you but does no damage.
As you read the scroll labelled MOVUPH KENYUMM, it crumbles to dust.
You feel strangely unstable.
It was a scroll of teleportation.
A jackal comes into view.
The goblin hits you but does no damage. Grinder gestures at you.
Pain shoots through your body!
* * * LOW HITPOINT WARNING * * *
The gnoll hits you with a +0 whip.
* * * LOW HITPOINT WARNING * * *
Unknown command.
Unknown command.
You aren't carrying any potions.
Blink to where?
Press: ? - help, Dir - move target, f - you Are you sure you want to cancel this blink?
Blink to where?
Press: ? - help, Dir - move target
As you read the scroll labelled DIW HEYKHLAAMAUS, it crumbles to dust.
It was a scroll of blinking.
Your surroundings suddenly seem different.
A ball python, a quokka and an orc come into view.
Unknown command.
Unknown command.
Throw: javelin
Press: ? - help, Q - select action, (/) - cycle Shift-Dir - straight line, f - quokka
Aim: a quokka (50% to hit)
You throw a javelin. The javelin closely misses the quokka.
The javelin pierces through the ball python!
You kill the ball python!
The quokka barely misses you. x2
You barely miss the quokka. The quokka barely misses you.
You barely miss the quokka. The quokka barely misses you. The quokka bites you.
You die...

##.##### #....
#.. #......
#..#. .. ####..#
.... .. .#
#####w# ... .
...#...#.# #
..#. #..g#.#)#
###.#..# #o.#
#..#)# #......#
....# #.#..#
#.....@##+.....'
#...##
#.....#r..#
#ww.#..#
#.........# #.#
...# #.....##.(#
+ ....# #####.
...# #...## #.
...# ..#.#
#..##+. +##..#
... .# .## .. ..


You could see a quokka.

Vanquished Creatures
  An adder (D:2)
  A dart slug (D:2)
  2 ball pythons
  4 endoplasms
  4 goblins
  2 hobgoblins
  3 kobolds
  3 bats (D:1)
  A frilled lizard (D:2)
  2 rats (D:1)
23 creatures vanquished.

Notes
Turn   | Place    | Note
-------+----------+-------------------------------------------
     0 | D:1      | Leszczynek the Human Gladiator began the quest for the Orb.
     0 | D:1      | Reached XP level 1. HP: 16/16 MP: 1/1
   118 | D:1      | Reached XP level 2. HP: 20/22 MP: 2/2
   145 | D:1      | Found Kionkil's Book Boutique.
   231 | D:2      | Reached XP level 3. HP: 13/28 MP: 3/3
   471 | D:3      | Noticed Grinder
   473 | D:3      | Paralysed by Grinder for 6 turns
   479 | D:3      | ghost paralyze combo
   479 | D:3      | and i'm supposed to do what about it again?
   481 | D:3      | HP: 4/28 [Grinder/nerve-wracking pain (7)]
   490 | D:3      | Slain by a quokka

Illustrated notes

##. ..h######## #
#.r?......##.
#...........
#...5.....#
#.....g...#
#....(....#
#.......(.#
#......g@.#
#.........# ..
..........###...
......#.........
........w..##...
####.##....# .
#.......# ####.#.##
#.#.###.##########.


Turn 479 on D:3: ghost paralyze combo

Levels and vault maps discovered:
D:1:      dpeg_arrival_renting, layout_basic, serial_shops,
          nicolae_shop_crystal, minmay_octomino_e4
D:2:      layout_basic, ebering_ecumenical_altar_hall, basic_altar
D:3:      layout_loops_cross, minmay_fractal_squares_diagonal_5, uniq_grinder

Action                   || total
-------------------------++-------
Melee: War axe           ||    55
Throw: Javelin           ||     3
       Throwing net      ||     2
  Use: Scroll            ||     4
Armor: Leather armour    ||    33
Dodge: Dodged            ||    46

Table legend: (Time is in decaauts)
 A = Elapsed time spent in this place.
 B = Non-inter-level travel time spent in this place.
 C = Inter-level travel time spent in this place.
 D = Time resting spent in this place.
 E = Time spent auto-exploring this place.
 F = Levels seen in this place.
 G = Mean time per level.
                   A        B        C        D        E       F      G
               +--------+--------+--------+--------+--------+-----+--------+
         Total |    508 |    481 |     27 |      0 |      0 |   3 |  169.3 |
       Dungeon |    508 |    481 |     27 |      0 |      0 |   3 |  169.3 |
               +--------+--------+--------+--------+--------+-----+--------+

Top non-repeatable levels by time:
     D:2: 225 daAuts
     D:1: 202 daAuts
     D:3: 80 daAuts
